 Dungeon Crawl Stone Soup version 0.22.1-1-ga44c0e56f4 (webtiles) character file.

215 Jynx the Changer (level 5, -6/33 HPs)
             Began as an Octopode Transmuter on Nov 5, 2018.
             Mangled by a worker ant (7 damage)
             ... on level 4 of the Dungeon.
             The game lasted 00:06:54 (4452 turns).

Jynx the Changer (Octopode Transmuter)              Turns: 4452, Time: 00:06:56

Health: -6/33      AC:  1    Str:  6 (9)  XL:     5   Next: 92%
Magic:  10/10      EV: 13    Int: 15 (16) God:
Gold:   112        SH:  0    Dex: 10 (13) Spells: 0/10 levels left

rFire    . . .     SeeInvis .     - Unarmed
rCold    . . .     Gourm    .   (no shield)
rNeg     . . .     Faith    .   (helmet restricted)
rPois    .         Spirit   .   (no amulet)
rElec    .         Reflect  .   (no ring)
rCorr    .         Harm     .   (no ring)
MR       .....                  (no ring)
Stlth    ++........             (no ring)
HPRegen  0.11/turn              (no ring)
MPRegen  0.12/turn              (no ring)
                                (no ring)
                                (no ring)

@: lethally poisoned (-6 -> -22)
A: almost no armour, stealthy swim, amphibious, 8 rings, constrict 8, camouflage
1, gelatinous body 1
a: no special abilities


You were on level 4 of the Dungeon.
You were hungry.

You visited 1 branch of the dungeon, and saw 4 of its levels.

You collected 112 gold pieces.

Inventory:

Missiles
 a - 34 arrows
Scrolls
 e - 2 scrolls of remove curse
 f - 2 scrolls of fog
 h - 2 scrolls of identify
Potions
 b - a potion of haste
 g - a potion of agility {unknown}
 i - a potion of degeneration
 j - a potion of lignification {unknown}
 k - a potion of flight {unknown}
 l - a potion of curing {unknown}
Comestibles
 c - 9 rations


   Skills:
 - Level 1.0 Fighting
 - Level 2.0 Dodging
 + Level 3.0 Unarmed Combat
 + Level 3.4 Spellcasting
 * Level 5.0 Transmutations


You couldn't memorise any spells.
You knew the following spells:

 Your Spells              Type           Power        Failure   Level  Hunger
a - Beastly Appendage     Tmut           ###...       2%          1    None
b - Sticks to Snakes      Tmut           ###.....     3%          2    ##.....
c - Spider Form           Tmut/Pois      ##........   21%         3    ###....
d - Ice Form              Ice/Tmut       ##......     56%         4    ####...

Your spell library contained the following spells:

 Spells                   Type           Power        Failure   Level  Hunger
 Blade Hands              Tmut           ###.......   54%         5    ######.


Dungeon Overview and Level Annotations

Branches:
Dungeon (4/15)
 Temple: D:4-7

Altars:
Elyvilon
Yredelemnul

Annotations:
D:3 1 runed door


Innate Abilities, Weirdness & Mutations

You cannot wear most types of armour.
You are very stealthy in the water. (Stealth+)
You are amphibious.
You can wear up to eight rings at the same time.
You can use your tentacles to constrict eight enemies at once.
Your skin changes colour to match your surroundings (Stealth+).
Your rubbery body absorbs attacks. (AC +1, EV +1)


Message History

The worker ant poisons you!
It was a potion of haste.
You feel yourself speed up.
You constrict the worker ant.
* * * LOW HITPOINT WARNING * * *
You feel sick. The worker ant bites you.
* * * LOW HITPOINT WARNING * * *
It was a potion of degeneration.
There was something very wrong with that liquid.
You feel weakened.
You feel dopey.
You feel clumsy.
You constrict the worker ant, but do no damage.
* * * LOW HITPOINT WARNING * * *
You feel sick. The worker ant closely misses you.
It was a potion of cancellation.
Your magical effects are unravelling.
You feel magically purged.
Your tentacle spike disappears.
You feel yourself slow down.
You constrict the worker ant, but do no damage.
* * * LOW HITPOINT WARNING * * *
You feel sick. The worker ant bites you!
You die...

####.##.##.# #.. .
....##.##.# #..
.### #..##.##.#
#..
..###..##.##.####.
...>..............
#.###........#.##.
#.##.....[####.##.
...####.#....####
#.##.
...o..a@.....#
#.##.
..#####.#...##
#.##. #.##.##
#.##. #.##.# #.##.
..##.# #.# #.##.#
...#.# ....#. # #


You could see a worker ant and an orc.

Vanquished Creatures
  A human zombie (D:3)
  4 adders
  A river rat (D:3)
  4 oozes
  6 worms
  4 dart slugs
  A leopard gecko (D:3)
  An orc (D:3)
  7 bats
  4 giant cockroaches
  8 goblins
  8 hobgoblins
  14 jackals
  A quokka (D:2)
  2 ball pythons
  5 frilled lizards
  12 kobolds
  A kobold zombie (D:3)
  17 rats
101 creatures vanquished.

Notes
Turn   | Place    | Note
-------+----------+-------------------------------------------
     0 | D:1      | Jynx the Octopode Transmuter began the quest for the Orb.
     0 | D:1      | Reached XP level 1. HP: 13/13 MP: 3/3
   116 | D:1      | Reached XP level 2. HP: 18/18 MP: 3/5
   123 | D:1      | Learned a level 2 spell: Sticks to Snakes
   511 | D:1      | Reached skill level 3 in Transmutations
   512 | D:1      | Reached XP level 3. HP: 18/23 MP: 6/6
  1710 | D:2      | Reached XP level 4. HP: 24/28 MP: 6/8
  1870 | D:2      | HP: 1/28 [giant cockroach (1)]
  2177 | D:2      | Found a faded altar of an unknown god.
  2467 | D:2      | Reached skill level 4 in Transmutations
  2590 | D:2      | Learned a level 3 spell: Spider Form
  2735 | D:2      | Reached XP level 5. HP: 20/33 MP: 7/9
  2742 | D:2      | Learned a level 4 spell: Ice Form
  3026 | D:2      | HP: 1/33 [poisoned by an adder]
  3494 | D:3      | Found a runed door.
  3494 | D:3      | Noticed a human
  3547 | D:3      | Found a basalt altar of Yredelemnul.
  4131 | D:3      | Found a white marble altar of Elyvilon.
  4271 | D:3      | Reached skill level 5 in Transmutations
  4452 | D:4      | HP: 1/33 [poisoned by a worker ant]
  4452 | D:4      | Mangled by a worker ant

Skill      XL: |  1  2  3  4  5 |
---------------+----------------+-----
Transmutations | 3 4 5 |  5.0
Spellcasting   | 3 |  3.4
Fighting       | |  1.0
Dodging        | |  2.0
Unarmed Combat | |  3.0

Action                   |  1- 3 |  4- 6 || total
-------------------------+-------+-------++-------
Melee: Unarmed           |    85 |   166 ||   251
       Constrict         |    23 |    40 ||    63
       Tentacles         |    11 |    26 ||    37
       Kick              |    16 |    42 ||    58
       Punch             |       |     1 ||     1
 Cast: Beastly Appendage |    19 |    27 ||    46
  Use: Scroll            |     1 |     2 ||     3
       Potion            |       |     3 ||     3
 Stab: Sleeping          |     6 |     7 ||    13
  Eat: Chunk             |     3 |     8 ||    11
Armor: Skin              |     5 |     8 ||    13
Dodge: Dodged            |    39 |    91 ||   130
